 Seeded DCSS version 0.31-a0-949-g57150269e1 (webtiles) character file.

Game seed: 20231021 (custom seed)

567 greenreed the Ruffian (level 7, -5/55 HPs)
             Began as a Merfolk Shapeshifter on Oct 21, 2023.
             Slain by Prince Ribbit (12 damage)
             ... on level 5 of the Dungeon.
             The game lasted 00:05:36 (3472 turns).

greenreed the Ruffian (Merfolk Shapeshifter)        Turns: 3472, Time: 00:05:37

Health: -5/55      AC: 10    Str: 17    XL:     7   Next: 33%
Magic:  0/7        EV:  6    Int:  9    God:
Gold:   202        SH:  0    Dex: 13    Spells: 6/6 levels left

rFire   . .          .
                       - Unarmed
rCold   . . .        (no shield)
rNeg    . . .        k - +0 plate armour
rPois   .            (helmet currently unavailable)
rElec   .            (cloak currently unavailable)
rCorr   .            (gloves currently unavailable)
SInv    .            (boots currently unavailable)
Will    +....        u - amulet of guardian spirit Stlth
                     j - ring of willpower
HPRegen 0.29/turn    (no ring)
MPRegen 0.10/turn

%: guardian spirit
@: beast-form
A: beast (slay +3), (nimble swimmer 2), mertail
a: Begin Untransformation


You were on level 5 of the Dungeon.
You were a hulking beast.
You visited 1 branch of the dungeon, and saw 5 of its levels.
You also visited: Sewer.

You collected 202 gold pieces.

Inventory:

Missiles
 w - 5 curare-tipped darts
 C - 3 datura-tipped darts
Armour
 k - a +0 plate armour (worn)
Jewellery
 j - a ring of willpower (left hand)
 u - an amulet of guardian spirit (around neck)
Talismans
 c - a beast talisman (active)
 d - a flux talisman
Wands
 r - a wand of mindburst (14)
 t - a wand of roots (7)
Scrolls
 a - a scroll of noise {unknown}
 e - a scroll of enchant armour {unknown}
 g - 8 scrolls of teleportation {unknown}
 h - 2 scrolls of blinking {unknown}
 i - 2 scrolls of vulnerability {unknown}
 l - a scroll of identify {unknown}
 n - 2 scrolls of enchant weapon {unknown}
 o - 2 scrolls of acquirement {unknown}
 s - a scroll of torment {unknown}
 v - 2 scrolls of fear {unknown}
 y - 4 scrolls of poison {unknown}
Potions
 b - 3 potions of lignification
 f - 2 potions of curing {unknown}
 m - 2 potions of brilliance {unknown}
 p - a potion of attraction {unknown}
 q - a potion of resistance {unknown}
 x - 2 potions of heal wounds {unknown}
 z - a potion of experience {unknown}
 A - a potion of cancellation {unknown}
 B - a potion of invisibility {unknown}


   Skills:
 * Level 4.9 Fighting
 + Level 4.6 Dodging
 * Level 5.8 Unarmed Combat
 + Level 5.4 Shapeshifting


You had 6 spell levels left.
You didn't know any spells.
Your spell library was empty.

Dungeon Overview and Level Annotations

Branches:
Dungeon (5/15)              Sewer (visited)
 Temple: D:4-7

Altars:
Hepliaklqana
Vehumet

Shops:
D:1 *

Annotations:
D:5 Prince Ribbit


Innate Abilities, Weirdness & Mutations

You are a hulking beast.
Your limbs bulge with bestial killing power. (Slay +3)
((You are very nimble when in or above water. (Stealth+, EV+, Speed+++)))
Your lower body shifts to a powerful aquatic tail in water.


Message History

Prince Ribbit closely misses you.
Prince Ribbit croaks regally.
Prince Ribbit hits you!
You hit Prince Ribbit but do no damage.
Prince Ribbit is heavily wounded.
Prince Ribbit hits you.
You closely miss Prince Ribbit.
Prince Ribbit is heavily wounded.
Prince Ribbit hits you!
You are too injured to fight recklessly!
You are too injured to fight recklessly!
You miss Prince Ribbit.
Prince Ribbit is heavily wounded.
Prince Ribbit blinks!
You hit Prince Ribbit but do no damage.
Prince Ribbit is heavily wounded.
Prince Ribbit hits you but does no damage.
You hit Prince Ribbit.
Prince Ribbit is heavily wounded.
Prince Ribbit hits you!
* * * LOW HITPOINT WARNING * * *
You miss Prince Ribbit.
Prince Ribbit is heavily wounded.
Prince Ribbit hits you.
* * * LOW HITPOINT WARNING * * *
Prince Ribbit barely misses you.
You closely miss Prince Ribbit.
Prince Ribbit is heavily wounded.
Prince Ribbit hits you!
* * * LOW HITPOINT WARNING * * *
You closely miss Prince Ribbit.
Prince Ribbit is heavily wounded.
Prince Ribbit barely misses you.
You hit Prince Ribbit.
Prince Ribbit is severely wounded.
Prince Ribbit hits you but does no damage.
You barely miss Prince Ribbit.
Prince Ribbit is severely wounded.
Prince Ribbit hits you!
You die...

##. #..#....###~#~#~##
#.. ##...##..~~#~#~#~###
...# #..#######~#~#~##..
.F§.# #.## #######...
#.... #.## #.. ####
.....######+###..####...#
#
_.#..#./.....###.#.....#
# ..K....#.....###..†...#
..
#......#.....##.h....##
.##
.......##....##F.##..# #
#...#...##...#..## #..#
#...##..##.....## #..#
...# ##..#.....# #... ...
#.......## #.# ..#
##.....## .# #.....#
##....#


You could see Prince Ribbit.

Vanquished Creatures
  2 kobold brigands (Sewer)
  A bullfrog (D:3)
  A scorpion (D:4)
  A jelly (D:4)
  An orc priest (D:3)
  An iguana (D:5)
  An orc wizard (D:4)
  2 river rats (Sewer)
  10 adders
  2 worms
  A dart slug (D:2)
  5 orcs
  8 ball pythons
  4 endoplasms
  A giant cockroach (D:2)
  12 goblins
  6 hobgoblins
  2 jackals (D:3)
  13 kobolds
  4 quokkas
  4 bats
  3 frilled lizards
  4 rats
  A spectral goblin (D:4)
90 creatures vanquished.

Notes
Turn   | Place    | Note
-------+----------+-------------------------------------------
     0 | D:1      | greenreed the Merfolk Shapeshifter began the quest for the
                  | Orb.
     0 | D:1      | Reached XP level 1. HP: 15/15 MP: 1/1
   156 | D:1      | Reached XP level 2. HP: 18/21 MP: 2/2
   381 | D:1      | Found Zynuituf's General Store.
   900 | D:2      | Reached XP level 3. HP: 23/27 MP: 3/3
  1172 | D:2      | Reached XP level 4. HP: 34/34 MP: 4/4
  1432 | D:3      | Found a faded altar of an unknown god.
  1492 | D:3      | Noticed a bullfrog
  1498 | D:3      | Killed a bullfrog
  1499 | D:3      | Reached XP level 5. HP: 41/41 MP: 5/5
  2152 | D:4      | Reached skill level 5 in Unarmed Combat
  2152 | D:4      | Reached XP level 6. HP: 48/48 MP: 6/6
  2343 | D:4      | Reached skill level 5 in Shapeshifting
  2624 | D:4      | Found a hazy altar of Hepliaklqana.
  2804 | D:5      | Entered Level 5 of the Dungeon
  2851 | D:5      | Found a glowing drain.
  2857 | Sewer    | Entered a sewer
  3039 | Sewer    | Reached XP level 7. HP: 53/55 MP: 5/7
  3430 | D:5      | Found a radiant altar of Vehumet.
  3430 | D:5      | Noticed Prince Ribbit
  3472 | D:5      | Slain by Prince Ribbit

Illustrated notes

Levels and vault maps discovered:
D:1:      minmay_arrival_four_loops, layout_basic, serial_shops, shop
D:2:      layout_rooms, serial_aquarium, aquarium_bridge_straight
          [aquarium_subvault_bridge, aquarium_subvault_wall,
          aquarium_subvault_bridge, aquarium_subvault_window],
          aquarium_window_1, aquarium_window_corner, aquarium_window_corner,
          aquarium_view_2e, aquarium_view_2d, aquarium_balcony_3b
D:3:      layout_rooms, hellmonk_ecumenical_altar_pennies_from_heaven
D:4:      layout_loops_ring, nicolae_hepliaklqana_monster_ancestors
D:5:      layout_layer_cave, nicolae_tso_swordbearing_angel,
          vehumet_altar_wand_db, gammafunk_temple_overflow_statue,
          mainiacjoe_sewer_entry_somewhere_in_here_1, uniq_ijyb,
          uniq_prince_ribbit1

Skill      XL: |  1  2  3  4  5  6 |
---------------+-------------------+-----
Fighting       | 2 3 4 |  4.9
Dodging        | 3 4 |  4.6
Unarmed Combat | 4 5 |  5.8
Shapeshifting  | 5 |  5.4

Action                     |  1- 3 |  4- 6 |  7- 9 || total
---------------------------+-------+-------+-------++-------
  Melee: Unarmed           |    85 |   121 |    66 ||   272
         Punch             |     2 |     2 |     3 ||     7
         Tailslap          |       |     2 |     2 ||     4
 Armour: Animal skin       |    23 |       |       ||    23
         Plate armour      |    28 |   102 |    37 ||   167
  Dodge: Dodged            |    42 |    35 |    14 ||    91

Table legend: (Time is in decaauts)
 A = Elapsed time spent in this place.
 B = Non-inter-level travel time spent in this place.
 C = Inter-level travel time spent in this place.
 D = Time resting spent in this place.
 E = Time spent auto-exploring this place.
 F = Levels seen in this place.
 G = Mean time per level.
                   A        B        C        D        E       F      G
               +--------+--------+--------+--------+--------+-----+--------+
         Total |   3404 |   3244 |    160 |     79 |   2561 |   6 |  567.3 |
       Dungeon |   2977 |   2817 |    160 |      4 |   2328 |   5 |  595.4 |
         Sewer |    426 |    426 |      0 |     75 |    233 |   1 |  426.0 |
               +--------+--------+--------+--------+--------+-----+--------+

Top non-repeatable levels by time:
     D:1: 886 daAuts
     D:4: 859 daAuts
     D:3: 524 daAuts
     D:2: 517 daAuts
   Sewer: 426 daAuts
     D:5: 189 daAuts
